 Dungeon Crawl Stone Soup version 0.21-a0-504-g2eda33064f (webtiles) character file.

283 JackS81 the Chopper (level 6, 0/48 HPs)
             Began as a Demonspawn Berserker on Nov 18, 2017.
             Was a Believer of Trog.
             Succumbed to a killer bee's poison
             ... on level 5 of the Dungeon on Nov 25, 2017.
             The game lasted 00:14:34 (3754 turns).

JackS81 the Chopper (Demonspawn Berserker)          Turns: 3754, Time: 00:14:34

Health: 0/48       AC:  5    Str: 22 (25) XL:     6   Next: 7%
Magic:  14/14      EV: 13    Int:  5 (8)  God:    Trog [**....]
Gold:   120        SH:  0    Dex: 11 (12) Spells: 5/5 levels left

rFire    + . .     SeeInvis .   a - +0 hand axe
rCold    + . .     Gourm    .   (no shield)
rNeg     . . .     Faith    .   d - +1 robe {Archmagi}
rPois    +         Spirit   .   (no helmet)
rElec    +         Reflect  .   (no cloak)
rCorr    +         Harm     .   g - +1 pair of gloves
MR       .....                  (no boots)
Stlth    ++........             (no amulet)
HPRegen  0.16/turn              n - ring of magical power
MPRegen  0.14/turn              (no ring)

@: confused, mighty, lethally poisoned (0 -> -19), resistant
A: claws 1, large bone plates 1, low mp 1, mutation resistance 1, nightstalker 1
a: Berserk, Trog's Hand, Burn Spellbooks, Renounce Religion


You were on level 5 of the Dungeon.
You worshipped Trog.
Trog was pleased with you.
You were not hungry.

You visited 1 branch of the dungeon, and saw 4 of its levels.

You collected 120 gold pieces.

Inventory:

Hand Weapons
 a - a +0 hand axe (weapon)
 h - a +0 hunting sling
Missiles
 e - 58 arrows
 i - 23 sling bullets
 l - 24 poisoned needles
Armour
 b - a +0 animal skin
 d - a +1 robe of the Archmagi (worn)
 g - a +1 pair of gloves (worn)
Jewellery
 m - an uncursed ring of protection from magic {unknown}
 n - a ring of magical power (left hand)
 s - an uncursed ring of ice {unknown}
Wands
 j - a wand of clouds (3)
 r - a wand of random effects (25)
Scrolls
 o - a scroll of teleportation {unknown}
 p - a scroll of amnesia {unknown}
 t - a scroll of magic mapping {unknown}
Potions
 q - a potion of might
Comestibles
 c - 2 meat rations


   Skills:
 + Level 3.6 Fighting
 * Level 4.8 Axes
 + Level 1.8 Armour
 + Level 2.8 Dodging
 * Level 2.4 Stealth


You had 5 spell levels left.
You didn't know any spells.

Dungeon Overview and Level Annotations

Branches:
Dungeon (3/15)

Altars:
Okawaru

Annotations:
D:2 1 exclusion


Innate Abilities, Weirdness & Mutations

You have sharp fingernails.
You are partially covered in large bone plates. (SH +4)
You are slightly more attuned to the shadows.
Your magical capacity is low. (-10% MP)
You are somewhat resistant to further mutation.


Message History

You feel protected.
You feel sick.
The leopard gecko hisses angrily.
The killer bee closely misses you. The orc hits you but does no damage.
The killer bee barely misses you. The orc wizard barely misses you.
You're too confused!
You're too confused!
There are monsters nearby!
You bump into the rock wall.
You feel sick. The killer bee stings you.
* * * LOW HITPOINT WARNING * * *
You are lethally poisoned!
The killer bee poisons you! The killer bee stings you!
* * * LOW HITPOINT WARNING * * *
The orc barely misses you.
The orc wizard hits you but does no damage.
You miss the killer bee. You slash the orc!
You kill the orc!
Trog accepts your kill.
You hit the orc wizard.
You die...

#.......#
.##.......#
..#.......#
.........#
#....l..#
#..>....#
#..yyy..#
####y####
#@#
.....)o#
######o#
#o# #o# #.#
#.#


You could see 4 killer bees, an orc wizard, 3 orcs and a leopard gecko.

Vanquished Creatures
  Sigmund (D:3)
  Terence (D:3)
  4 adders
  An adder zombie (D:2)
  3 worms
  2 dart slugs
  A leopard gecko (D:1)
  An orc (D:5)
  6 bats
  3 giant cockroaches (D:3)
  5 goblins
  7 hobgoblins
  2 jackals (D:2)
  A quokka (D:3)
  3 frilled lizards
  6 kobolds
  12 rats
59 creatures vanquished.

Notes
Turn   | Place    | Note
-------+----------+-------------------------------------------
     0 | D:1      | JackS81 the Demonspawn Berserker began the quest for the Orb.
     0 | D:1      | Reached XP level 1. HP: 18/18 MP: 1/1
    57 | D:1      | Upgraded the game from 0.21-a0-442-g848f44b3bc to 0.21-a0-504-g2eda33064f
   184 | D:1      | Reached skill level 3 in Axes
   279 | D:1      | Gained mutation: You are slightly more attuned to the shadows. [demonic ancestry]
   279 | D:1      | Reached XP level 2. HP: 24/24 MP: 2/2
   324 | D:1      | Found an iron altar of Okawaru.
  1089 | D:2      | Reached ** piety under Trog
  1427 | D:2      | Reached XP level 3. HP: 18/29 MP: 2/3
  1612 | D:2      | HP: 1/29 [worm (12)]
  2410 | D:2      | Gained mutation: Your magical capacity is low. (-10% MP) [potion of mutation]
  2410 | D:2      | Gained mutation: You are somewhat resistant to further mutation. [potion of mutation]
  2605 | D:2      | Gained mutation: You have sharp fingernails. [demonic ancestry]
  2605 | D:2      | Reached XP level 4. HP: 34/35 MP: 3/3
  2608 | D:2      | Reached skill level 1 in Stealth
  2638 | D:2      | Found a faded altar of an unknown god.
  2858 | D:3      | Noticed Sigmund
  3078 | D:3      | Killed Sigmund
  3078 | D:3      | Reached skill level 4 in Axes
  3078 | D:3      | Gained mutation: You are partially covered in large bone plates. (SH +4) [demonic ancestry]
  3078 | D:3      | Reached XP level 5. HP: 41/41 MP: 4/4
  3137 | D:3      | Noticed Terence
  3152 | D:3      | Killed Terence
  3294 | D:3      | Reached XP level 6. HP: 45/47 MP: 5/5
  3744 | D:3      | You fall through a shaft for 2 floors!
  3744 | D:5      | Entered Level 5 of the Dungeon
  3753 | D:5      | HP: 1/48 [killer bee (9)]
  3754 | D:5      | Succumbed to a killer bee's poison

Vault maps used:
D:1:      dpeg_arrival_radiant, okawaru_ov_weapons_minmay
D:2:      chequers_ecumenical_altar_simple, nrook_mini_backslash
D:3:      uniq_terence, uniq_sigmund
D:5:      nicolae_overflow_hidden_temple, first_bread, uniq_ijyb,
          uniq_prince_ribbit1

Skill      XL: |  1  2  3  4 |
---------------+-------------+-----
Axes           | 3 4 |  4.8
Dodging        | 2 |  2.8
Stealth        | 2 |  2.4
Fighting       | |  3.6
Armour         | |  1.8

Action                   |  1- 3 |  4- 6 || total
-------------------------+-------+-------++-------
Melee: Hand axe          |   213 |    95 ||   308
Invok: Berserk           |     3 |     2 ||     5
       Trog's Hand       |     1 |     1 ||     2
  Use: Potion            |     4 |     3 ||     7
       Scroll            |       |     2 ||     2
 Stab: Sleeping          |     6 |     4 ||    10
  Eat: Chunk             |     3 |     5 ||     8
       Bread ration      |     1 |       ||     1
       Royal jelly       |       |     1 ||     1
Armor: Animal skin       |    74 |     1 ||    75
       Robe              |       |    23 ||    23
Dodge: Dodged            |   197 |    58 ||   255
Block: Other             |       |    10 ||    10

Table legend:
 A = Spawn XP
 B = Non-spawn XP
 C = Spawn XP percentage of total XP
 D = Spawn monster count
 E = Non-spawn monster count
 F = Spawn count percentage of total count
 G = Total turns spent on level
                    A         B        C        D         E        F      G
               +---------+---------+-------+---------+---------+-------+---------
         Total |       0 |     405 |   0.0 |       0 |      59 |   0.0 |  3754
               +---------+---------+-------+---------+---------+-------+---------
           D:1 |       0 |      26 |   0.0 |       0 |      16 |   0.0 |   942
           D:2 |       0 |      85 |   0.0 |       0 |      25 |   0.0 |  2039
           D:3 |       0 |     291 |   0.0 |       0 |      17 |   0.0 |   763
           D:5 |       0 |       3 |   0.0 |       0 |       1 |   0.0 |    10
               +---------+---------+-------+---------+---------+-------+---------
